 Dungeon Crawl Stone Soup version 0.28.0-45-g0d030f2227 (webtiles) character file.

Game seed: 5593285954601937968

7172 pkoi the Martial Artist (level 10, 0/83 HPs)
             Began as a Demigod Gladiator on Apr 22, 2022.
             Slain by a red devil
             ... wielding a +0 trident
             ... summoned by an obsidian statue
              (5 damage)
             ... on level 9 of the Dungeon on Apr 23, 2022.
             The game lasted 00:15:48 (14381 turns).

pkoi the Martial Artist (Demigod Gladiator)        Turns: 14381, Time: 00:15:48

Health: 0/83       AC: 18    Str: 19    XL:     10   Next: 56%
Magic:  13/13      EV:  9    Int: 14    God:
Gold:   424        SH:  0    Dex: 19    Spells: 9/9 levels left

rFire   . . .      SeeInvis .     - Unarmed
rCold   . . .      Faith    .   (no shield)
rNeg    . . .      Spirit   .   l - +0 plate armour
rPois   .          Reflect  .   d - +1 helmet
rElec   .          Harm     .   n - +1 cloak
rCorr   .          Rampage  .   x - +0 pair of gloves
Will    +....                   (no boots)
Stlth   ..........              (no amulet)
HPRegen 0.23/turn               (no ring)
MPRegen 0.13/turn               (no ring)

@: about to teleport, spiked
A: high MP 1, forlorn, divine attributes
a: no special abilities


You were on level 9 of the Dungeon.
You visited 1 branch of the dungeon, and saw 9 of its levels.

You collected 424 gold pieces.

Inventory:

Hand Weapons
 b - a +2 dagger of venom
 g - a +1 hand axe of electrocution
 h - a +0 dagger
 i - a +1 dagger of electrocution
Missiles
 c - 2 throwing nets
 j - 15 poisoned darts (quivered)
 D - 5 boomerangs
Armour
 a - a +0 leather armour
 d - a +1 helmet (worn)
 l - a +0 plate armour (worn)
 n - a +1 cloak (worn)
 x - a +0 pair of gloves (worn)
 E - the +2 cloak of Yduinac {+Blink rF- Regen+ Int+2}
   (You found it on level 7 of the Dungeon)

   Int:       It affects your intelligence (+2).
   rF:        It makes you vulnerable to fire.
   +Blink:    It lets you blink.
   Regen:     It increases your rate of health regeneration.
Wands
 p - a wand of charming (20)
 q - a wand of digging (17)
 s - a wand of polymorph (7)
 z - a wand of iceblast (7)
 G - a wand of acid (4)
Scrolls
 f - 3 scrolls of teleportation
 u - a scroll of brand weapon
 y - a scroll of magic mapping
 B - 6 scrolls of identify
 C - a scroll of fear
Potions
 e - 3 potions of curing
 k - 2 potions of magic
 m - 2 potions of brilliance
 o - 2 potions of attraction
 r - 2 potions of might
 t - 2 potions of haste
 v - 4 potions of flight
 w - 3 potions of mutation
 A - 3 potions of ambrosia
 F - a potion of heal wounds {unknown}


   Skills:
 + Level 6.0 Fighting
 - Level 1.7 Throwing
 + Level 6.5 Armour
 + Level 6.9 Dodging
 + Level 10.8 Unarmed Combat
 + Level 3.0 Evocations


You had 9 spell levels left.
You didn't know any spells.
Your spell library contained the following spells:

 Spells                   Type           Power      Damage    Failure   Level
 Freeze                   Ice            0%         1d3       100%        1
 Magic Dart               Conj           0%         1d3       100%        1
 Searing Ray              Conj           0%         2d4       100%        2
 Frozen Ramparts          Ice            0%         1d2       100%        3
 Tukima's Dance           Hex            0%         N/A       100%        3
 Fulminant Prism          Conj/Hex       0%         3d6       100%        4
 Hailstorm                Conj/Ice       0%         3d3       100%        4
 Passage of Golubria      Tloc           0%         N/A       100%        4
 Summon Forest            Summ/Tloc      0%         N/A       100%        5
 Yara's Violent Unravell  Hex/Tmut       0%         3d3       100%        5
 Dispersal                Tloc           0%         N/A       100%        6
 Eringya's Noxious Bog    Tmut/Pois      0%         N/A       100%        6
 Summon Hydra             Summ           0%         N/A       100%        7
 Disjunction              Tloc           0%         N/A       100%        8
 Chain Lightning          Conj/Air       0%         N/A       100%        9
 Fire Storm               Conj/Fire      0%         5d1       100%        9
 Shatter                  Erth           0%         3d5*      100%        9


Dungeon Overview and Level Annotations

Branches:
Dungeon (9/15)             Temple (0/1) D:4
   Lair: D:8-11         Orc: D:9-12

Annotations:
D:2 1 runed translucent door, Crazy Yiuf
D:9 exclusion: obsidian statue


Innate Abilities, Weirdness & Mutations

You have an increased reservoir of magic. (+10% MP)
You shall have no god before yourself.
Your divine heritage dramatically boosts your attributes as you level up.


Message History

* * * LOW HITPOINT WARNING * * *
You punch the white imp!
You kill the white imp!
The white imp disappears in a puff of smoke!
The obsidian statue's eyes glow briefly.
Unknown command.
The barbs in your skin will harm you if you move.
Continue?
Okay, then.
The barbs in your skin will harm you if you move.
Continue?
The barbed spikes dig painfully into your body as you move.
* * * LOW HITPOINT WARNING * * *
The red devil hits you with a +0 trident!
* * * LOW HITPOINT WARNING * * *
Barbed spikes become lodged in your body.
The obsidian statue's eyes glow briefly.
You see here a book of Conjurations.
You pick up a book of Conjurations and begin reading...
You add the spells Magic Dart, Searing Ray and Fulminant Prism to your library.
The ice devil hits you!
* * * LOW HITPOINT WARNING * * *
The ice devil freezes you!
* * * LOW HITPOINT WARNING * * *
The red devil hits you with a +0 trident.
* * * LOW HITPOINT WARNING * * *
Barbed spikes become lodged in your body.
As you read the scroll of teleportation, it crumbles to dust.
You feel strangely unstable.
The ice devil hits you but does no damage.
The red devil hits you with a +0 trident.
* * * LOW HITPOINT WARNING * * *
Barbed spikes become lodged in your body.
The obsidian statue's eyes glow briefly.
The obsidian statue attempts to bespell you!
You resist with almost no effort.
You feel better. The ice devil hits you.
* * * LOW HITPOINT WARNING * * *
The ice devil freezes you!
* * * LOW HITPOINT WARNING * * *
The red devil hits you with a +0 trident.
You die...

##### ##...##
##...4.## #...@55.##
#..4###$.# ########
#..[#8#).# ###.......
####### #..(###).#
#......... #.....#
#...$:)..###.#.......
#.....#
##.#...#.##..#.......
#.....#
#.###.#.#..##.......
#.....#
###...<.#.#.###.......
#.....####...+[###.'.#
#.......


You could see an obsidian statue, an ice devil (summoned), a red devil
(summoned), an iron imp (summoned) and a white imp (summoned).

Vanquished Creatures
  2 two-headed ogres
  3 kobold demonologists (D:9)
  A komodo dragon (D:8)
  Prince Ribbit (D:6)
  A hornet (D:7)
  2 wraiths (D:9)
  Sigmund (D:3)
  2 steam dragons
  Menkaure (D:6)
  3 water moccasins
  3 orc warriors
  2 sky beasts (D:6)
  An ice beast (D:7)
  2 necrophages
  3 ogres
  2 centaurs
  2 phantoms
  2 bullfrogs (D:7)
  2 kobold brigands
  Blork the orc (D:6)
  2 gnoll sergeants
  6 scorpions
  A wyvern skeleton (D:7)
  2 water moccasin skeletons
  2 howler monkeys (D:9)
  3 bullfrog zombies
  2 centaur zombies (D:7)
  2 hounds
  A gnoll shaman (D:7)
  A bullfrog skeleton (D:6)
  Terence (D:2)
  5 orc priests
  Ijyb (D:3)
  7 orc wizards
  3 iguanas
  A hound skeleton (D:4)
  2 howler monkey zombies
  A howler monkey skeleton (D:4)
  5 adders
  17 gnolls
  A shadow imp (D:7)
  2 white imps (D:6)
  An ufetubus (D:5)
  An adder skeleton (D:4)
  A worm (D:2)
  3 dart slugs
  18 orcs
  6 ball pythons
  4 bats (D:1)
  8 endoplasms
  3 giant cockroaches
  8 goblins
  2 hobgoblins (D:2)
  6 jackals
  3 quokkas
  3 frilled lizards
  13 kobolds
  6 rats
191 creatures vanquished.

Notes
Turn   | Place    | Note
-------+----------+-------------------------------------------
     0 | D:1      | pkoi the Demigod Gladiator began the quest for the Orb.
     0 | D:1      | Reached XP level 1. HP: 17/17 MP: 3/3
   330 | D:1      | Reached skill level 3 in Unarmed Combat
   410 | D:1      | Reached XP level 2. HP: 24/24 MP: 1/4
   892 | D:1      | Reached XP level 3. HP: 29/29 MP: 5/5
  1209 | D:2      | Noticed Terence
  1224 | D:2      | Killed Terence
  1616 | D:2      | Found a runed translucent door.
  1617 | D:2      | Noticed Crazy Yiuf
  1813 | D:2      | Reached XP level 4. HP: 23/37 MP: 6/6
  1817 | D:2      | Reached skill level 1 in Armour
  2443 | D:3      | Reached skill level 4 in Unarmed Combat
  2667 | D:3      | Noticed Ijyb
  2685 | D:3      | Killed Ijyb
  2686 | D:3      | Reached XP level 5. HP: 42/42 MP: 7/7
  3083 | D:3      | Noticed Sigmund
  3252 | D:3      | Killed Sigmund
  3253 | D:3      | Reached XP level 6. HP: 42/51 MP: 8/8
  3782 | D:3      | Reached skill level 5 in Unarmed Combat
  4324 | D:4      | Found a staircase to the Ecumenical Temple.
  4333 | D:4      | Reached XP level 7. HP: 56/57 MP: 9/9
  5147 | D:4      | Reached skill level 1 in Evocations
  5511 | D:5      | Entered Level 5 of the Dungeon
  5543 | D:4      | Reached skill level 6 in Unarmed Combat
  6345 | D:5      | Reached XP level 8. HP: 66/66 MP: 10/10
  6678 | D:6      | Noticed Menkaure
  6689 | D:6      | Killed Menkaure
  6700 | D:6      | Reached skill level 5 in Dodging
  7391 | D:6      | Noticed Maggie
  7392 | D:6      | Noticed Maggie
  7392 | D:6      | Maggie changed into Maggie the scorpion
  7398 | D:6      | Killed Maggie the scorpion
  7399 | D:6      | Reached skill level 7 in Unarmed Combat
  8586 | D:6      | Reached skill level 5 in Fighting
  8633 | D:6      | Noticed Blork the orc
  8681 | D:6      | Killed Blork the orc
  9324 | D:6      | Reached XP level 9. HP: 56/74 MP: 11/11
  9482 | D:6      | Noticed Prince Ribbit
  9487 | D:6      | Reached skill level 8 in Unarmed Combat
  9506 | D:6      | Killed Prince Ribbit
 10241 | D:7      | Reached skill level 9 in Unarmed Combat
 10621 | D:7      | Identified the +2 cloak of Yduinac {+Blink rF- Regen+
                  | Int+2}
 11697 | D:7      | Reached skill level 5 in Armour
 11837 | D:8      | Noticed a two-headed ogre
 12281 | D:8      | Killed a two-headed ogre
 12282 | D:8      | Reached skill level 10 in Unarmed Combat
 12282 | D:8      | Reached XP level 10. HP: 13/81 MP: 13/13
 13216 | D:9      | Noticed a rust devil
 13762 | D:9      | Noticed a two-headed ogre
 13774 | D:9      | Killed a two-headed ogre
 14230 | D:9      | Noticed an obsidian statue
 14231 | D:9      | Noticed a rust devil
 14381 | D:9      | Slain by a red devil

Illustrated notes

Levels and vault maps discovered:
D:1:      dpeg_arrival_chambers_temple_mockup, layout_rooms,
          ebering_ecumenical_altar_sacrificial
D:2:      minmay_diamond_boxcup, layout_loops_ring, grunt_decor_cap,
          uniq_crazy_yiuf_cottage, uniq_terence
D:3:      layout_loops_ring, mainiacjoe_overflow_concentric_impassable,
          uniq_sigmund, uniq_ijyb
D:4:      layout_basic, minmay_temple_entry_purple_smoke
D:5:      layout_basic
D:6:      layout_gridville, uniq_maggie, uniq_blork_the_orc, uniq_menkaure,
          uniq_prince_ribbit1
D:7:      layout_loops_ring, chequers_serial_rivers_micro_a, eino_tiny_chamber,
          serial_bayou_crossing
D:8:      layout_rooms
D:9:      layout_roguey, minmay_protected_statue

Skill      XL: |  1  2  3  4  5  6  7  8  9 10 |
---------------+-------------------------------+-----
Fighting       | 2 3 4 5 6 |  6.0
Unarmed Combat | 3 4 5 6 7 10 | 10.8
Dodging        | 3 4 5 6 |  6.9
Armour         | 1 2 3 4 5 6 |  6.5
Evocations     | 1 3 |  3.0
Throwing       | |  1.7

Action                   |  1- 3 |  4- 6 |  7- 9 | 10-12 || total
-------------------------+-------+-------+-------+-------++-------
Melee: Hand axe          |    23 |       |       |       ||    23
       Unarmed           |     6 |    53 |   507 |   114 ||   680
       Punch             |     3 |     9 |    30 |    14 ||    56
       Dagger            |    83 |   126 |    51 |       ||   260
Throw: Throwing net      |       |       |     1 |       ||     1
       Dart              |       |       |     3 |     7 ||    10
       Boomerang         |       |       |       |     3 ||     3
Evoke: Wand              |       |       |     4 |       ||     4
  Use: Scroll            |     5 |     2 |     9 |     1 ||    17
       Potion            |       |       |     4 |     1 ||     5
 Stab: Sleeping          |     2 |       |       |       ||     2
       Held in net/web   |       |       |     2 |       ||     2
Armor: Leather armour    |    35 |       |       |       ||    35
       Plate armour      |    16 |   101 |   328 |   106 ||   551
Dodge: Dodged            |    72 |    47 |   194 |    59 ||   372
